Cogmind - Beta 15 @@@ ROGUE MODE // 2025.05.12 @ 22:04:47 Player: DuckBoy Result: Smashed by cave-in Performance ------------- Evolutions (0) 0 Regions Visited (2) 400 Robots Destroyed (29) 145 Value Destroyed (749) 749 Prototype IDs (0) 0 Alien Tech Used (0) 0 Bonus (0) 0 TOTAL SCORE: 1294 Bonus ------- None Cogmind --------- Core Integrity 0/250 Matter 293/300 Energy 250/250 System Corruption 6% Temperature Cool (0) Movement Treading (240) Ox1 Location -10/Subcaves Parts ------- > --- POWER (1) -------- Ion Engine > --- PROPULSION (2) --- Light Treads > --- UTILITY (2) ------ Large Storage Unit Makeshift Kinetic Plating > --- WEAPON (2) ------- Makeshift Shrapnel Gun Makeshift Hammer > --- INVENTORY (15) --- Light Ion Engine Light Ion Engine Subdweller Monowheel Heat Sink Hacking Suite Hacking Suite Cobbler Unit Heavy Riot Gun Beam Rifle Subdweller Laser Heavy Assault Rifle Heavy Assault Rifle Plasma Cutter Multitool Peak State ------------ > --- POWER ------------ Ion Engine > --- PROPULSION ------- Light Treads Light Treads > --- UTILITY ---------- Large Storage Unit Makeshift Kinetic Plating > --- WEAPON ----------- Makeshift Shrapnel Gun Makeshift Hammer > --- INVENTORY -------- Light Ion Engine Light Ion Engine Subdweller Monowheel Heat Sink Hacking Suite Hacking Suite Cobbler Unit Heavy Riot Gun Beam Rifle Subdweller Laser Heavy Assault Rifle Heavy Assault Rifle Plasma Cutter Multitool [Rating: 19] Favorites ----------- Power Light Ion Engine Engine Light Ion Engine Propulsion Light Treads Treads Light Treads Utility Large Storage Unit Storage Large Storage Unit Protection Medium Armor Plating Weapon Heavy Assault Rifle Energy Gun Small Laser Ballistic Gun Heavy Assault Rifle Special Weapon Plasma Cutter Impact Weapon Flail Build | -11 -10 -10 ------- Run | Yrd Mat Sub Slots Evolved . | . . . Power . | . . . Propulsion . | . . . Utility . | . . . Weapon . | . . . Parts Attached 25 | 6 9 10 Power 4 | 1 . 3 Engine 4 | 1 . 3 Core . | . . . Reactor . | . . . Propulsion 3 | 2 . 1 Treads 3 | 2 . 1 Leg . | . . . Wheel . | . . . Hover . | . . . Flight . | . . . Utility 8 | 1 5 2 Device . | . . . Storage 3 | 1 2 . Processor . | . . . Hackware . | . . . Protection 5 | . 3 2 Artifact . | . . . Weapon 10 | 2 4 4 Energy Gun 2 | 1 1 . Energy Cannon . | . . . Ballistic Gun 4 | 1 2 1 Ballistic Cannon . | . . . Launcher . | . . . Special Weapon 2 | . . 2 Impact Weapon 2 | . 1 1 Slashing Weapon . | . . . Piercing Weapon . | . . . Special Melee Weapon . | . . . Unidentified Prototypes . | . . . Parts Lost 7 | . 2 5 Power . | . . . Propulsion 2 | . . 2 Utility 4 | . 2 2 Weapon 1 | . . 1 Highest Loss Streak 2 | . 2 1 To Critical Strikes . | . . . Average Backups 12 | 1 11 14 Power 1 | . 1 1 Propulsion 1 | 1 . 1 Utility 2 | . 2 3 Weapon 6 | . 6 7 Tool/Special . | . . . Unused Backups 16 | . 2 14 Power 1 | . . 1 Propulsion 3 | . 2 1 Utility 4 | . . 4 Weapon 8 | . . 8 Tool/Special . | . . . Average Slot Usage (%) 99 | . 98 99 Engine 13 | . 14 13 Treads 28 | . 28 28 Storage 14 | . 14 14 Protection 13 | . 12 13 Ballistic Gun 14 | . 25 6 Special Weapon 6 | . . 10 Impact Weapon 7 | . 1 10 Peak Build Rating 19 | 6 12 19 Average Rating 12 | 4 11 14 On Entrance 6 | . 6 12 Naked Turns . | . . . Heaviest Build 38 | 10 36 38 Greatest Support 40 | 40 40 40 Greatest Overweight (x) . | . . . Average Overweight (x) . | . . . Largest Inventory Capacity 15 | 8 15 15 Average Capacity 14 | 7 14 15 Most Carried 15 | 4 14 15 Average Carried 13 | 1 11 14 Final Capacity 15 | 8 15 15 Final Carried 15 | 4 13 15 Class Distribution -------------------- 100% | Mutant Dominant Class ---------------- Mutant | -10/Materials Mutant | -10/Subcaves Resources | -11 -10 -10 ----------- Run | Yrd Mat Sub Matter Collected 911 | 230 389 292 Remotely . | . . . Salvage Created 1019 | . 631 388 Parts 64 | . 41 23 Haulers Intercepted 1 | . 1 . Recyclers Shooed . | . . . Parts Field Recycled . | . . . Retrieved Matter . | . . . Parts Self-Destructed 14 | . . 14 Prevented . | . . . Kills | -11 -10 -10 ------- Run | Yrd Mat Sub Combat Hostiles Destroyed 20 | . 12 8 Melee 2 | . . 2 Guns 17 | . 12 5 Classes Destroyed 11 | . 7 4 Builder 3 | . 3 . Tunneler 1 | . 1 . Hauler 1 | . 1 . Operator 2 | . 2 . Watcher 2 | . 2 . Swarmer 4 | . 2 2 Grunt 10 | . 10 . Sentry 1 | . . 1 Artisan 1 | . . 1 Cobbler 1 | . . 1 Subdweller 5 | . . 5 Best Kill Streak 9 | . 9 2 Combat Bots Only 4 | . 4 2 Max Kills in Single Turn 2 | . 2 1 Gunslinging 1 | . 1 . Exploded . | . . . Melee 1 | . . 1 Uniques/NPCs Destroyed . | . . . Combat | -11 -10 -10 -------- Run | Yrd Mat Sub Hostile Shots Fired 122 | . 63 59 Missed 39 | . 20 19 Hits 83 | . 43 40 Projectile 83 | . 43 40 Critical Strikes 1 | . . 1 Damage Taken 1577 | . 589 988 Core 274 | . 76 198 Absorbed by Shields . | . . . Ignored by Resistances 11 | . . 11 Core Remaining (%) 100 | 100 . . Volleys Fired 93 | . 47 46 Largest 2 | . 2 2 Hottest 46 | . 46 46 Shots Fired 156 | . 93 63 Gun 138 | . 93 45 Cannon . | . . . Launcher . | . . . Special 18 | . . 18 Kinetic 138 | . 93 45 Thermal 18 | . . 18 Explosive . | . . . Electromagnetic . | . . . Robot Hit Streak 19 | . 12 19 Robot Miss Streak 5 | . 4 5 Penetration Max . | . . . Secondary Targets 2 | . 2 . Max Gunslinging Chain 1 | . 1 . Shots Hit Robots 115 | . 61 54 Core Hits 39 | . 25 14 Critical Kills . | . . . Critical Parts Destroyed 1 | . . 1 Critical Strikes 1 | . . 1 Smash 1 | . . 1 Melee Attacks 18 | . 7 11 Impact 18 | . 7 11 Slashing . | . . . Piercing . | . . . Sneak Attacks 2 | . 2 . Combat Hostiles . | . . . Follow-up Attacks . | . . . Damage Inflicted 1990 | . 1129 861 Guns 1401 | . 926 475 Cannons . | . . . Explosions . | . . . Melee 473 | . 203 270 Ramming . | . . . Kinetic 1401 | . 926 475 Thermal 116 | . . 116 Explosive . | . . . Electromagnetic . | . . . Impact 473 | . 203 270 Slashing . | . . . Piercing . | . . . Highest Corruption 1 | . 1 1 Average Corruption 1 | . 1 1 Corruption Purged . | . . . Corruption Blocked . | . . . Effects 17 | . 4 13 Message Errors 3 | . . 3 Matter Fused 4 | . 1 3 Heat Flow Errors 3 | . 1 2 Energy Discharges 2 | . . 2 Data Loss (minor) 3 | . 2 1 Data Loss (major) 1 | . . 1 Weapon Failures 1 | . . 1 Overload Shots . | . . . Overflow Damage 209 | . 101 108 Projectiles . | . . . Explosions . | . . . Melee 209 | . 101 108 Knockbacks 2 | . 1 1 Impact 2 | . 1 1 Kinetic . | . . . Secondary . | . . . Self-Inflicted Damage . | . . . Shots . | . . . Rammed . | . . . Targets Rammed . | . . . Kicked . | . . . Crushed . | . . . Highest Temperature 232 | . 186 232 Average Temperature 39 | . 31 106 Received Heat Transfer 378 | . 240 138 Siege Activations . | . . . Martial Activations . | . . . Shielding Activations . | . . . Robots Disrupted . | . . . Combat Hostiles . | . . . Robots Corrupted 3 | . 2 1 Combat Hostiles 1 | . . 1 Parts Fried 4 | . 4 . Impact Corruptions 10 | . 5 5 Robots Melted . | . . . Combat Hostiles . | . . . Parts Melted . | . . . Heat Transferred 383 | . . 383 Parts Sabotaged . | . . . Parts Stolen . | . . . Parts Stripped . | . . . Power Chain Reactions . | . . . Alert | -11 -10 -10 ------- Run | Yrd Mat Sub Maximum Alert Level . | . . . Low Security (%) 100 | 100 100 . Level 1 . | . . . Level 2 . | . . . Level 3 . | . . . Level 4 . | . . . Level 5 . | . . . High Security . | . . . Max Security . | . . . Peak Influence 140 | . 140 . Initial . | . . . Average 36 | . 39 . Influence Increases 484 | . 394 90 Destroy 0b10 Robot/C 300 | . 240 60 Destroy 0b10 Robot/NC 45 | . 45 . Destroy Leader 76 | . 76 . Disable Machine 15 | . 15 . Destroy Structure 3 | . 3 . Lose Combat Pursuer 45 | . 15 30 Influence Decreases 473 | . 394 79 Time Decay 348 | . 279 69 Lost Part 30 | . 20 10 Purge Threat 95 | . 95 . Squads Dispatched 4 | . 4 . Investigation 1 | . 1 . Extermination . | . . . Reinforcement 3 | . 3 . Assault . | . . . Garrison . | . . . Intercept . | . . . Searches Triggered . | . . . Construction Impeded . | . . . Haulers Reinforced . | . . . Active Scanning Responses . | . . . Cargo Convoy Interrupts . | . . . Stealth | -11 -10 -10 --------- Run | Yrd Mat Sub Distress Signals . | . . . Communications Jammed . | . . . Distress Signals . | . . . Times Spotted 32 | . 16 16 Peak Tracking Total 8 | . 3 8 Tactical Retreats 4 | . 1 3 Traps | -11 -10 -10 ------- Run | Yrd Mat Sub Traps Triggered 4 | . 2 2 Indirectly . | . . . Trap Hack Attempts . | . . . Triggered . | . . . Disarmed . | . . . Reprogrammed . | . . . Reused . | . . . Traps Extracted . | . . . Installed . | . . . Triggered . | . . . Machines | -11 -10 -10 ---------- Run | Yrd Mat Sub Machines Disabled 1 | . 1 . Max in Single Turn 1 | . 1 . Machines Repaired . | . . . Machines Dismantled . | . . . Machines Sabotaged . | . . . Overloaded Fab Kills . | . . . Hacking | -11 -10 -10 --------- Run | Yrd Mat Sub Machines Accessed 3 | . 3 . Terminals 3 | . 3 . Fabricators . | . . . Repair Stations . | . . . Recycling Units . | . . . Scanalyzers . | . . . Garrison Access . | . . . Total Hacks 8 | . 8 . Successful 7 | . 7 . Failed 1 | . 1 . Catastrophic . | . . . Database Lockouts . | . . . Manual 4 | . 4 . Terminals 8 | . 8 . Fabricators . | . . . Repair Stations . | . . . Recycling Units . | . . . Scanalyzers . | . . . Garrison Access . | . . . Terminal Hacks 7 | . 7 . Record 2 | . 2 . Unreport Threat 1 | . 1 . Dispatch Records 1 | . 1 . Transport Status 2 | . 2 . Hauler Manifests 1 | . 1 . Fabricator Hacks . | . . . Repair Station Hacks . | . . . Recycling Unit Hacks . | . . . Scanalyzer . | . . . Garrison Access Hacks . | . . . Unauthorized Hacks . | . . . Terminals . | . . . Fabricators . | . . . Repair Stations . | . . . Recycling Units . | . . . Scanalyzers . | . . . Garrison Access . | . . . Data Cores Recovered . | . . . Used . | . . . Hacking Detections . | . . . Full Trace Events . | . . . Feedback Events . | . . . Feedback Blocked . | . . . Robot Schematics Acquired . | . . . Robots Built . | . . . Authchips . | . . . Time . | . . . Total Robot Build Rating . | . . . Part Schematics Acquired . | . . . Parts Built . | . . . Authchips . | . . . Time . | . . . Total Part Build Rating . | . . . Parts Repaired . | . . . Time . | . . . Parts Recycled . | . . . Recycled Matter . | . . . Retrieved Matter . | . . . Retrieved Components . | . . . Parts Scanalyzed . | . . . Part Schematics Acquired . | . . . Parts Damaged . | . . . Bothacking | -11 -10 -10 ------------ Run | Yrd Mat Sub Used RIF Installer . | . . . Robots Hacked . | . . . Non-combat . | . . . Combat . | . . . Robot Hacks Applied . | . . . Relay Couplers Released . | . . . Fabnet Peak Effective % . | . . . Robots Rewired . | . . . Allies Hacked . | . . . Hacks Repelled . | . . . Allies | -11 -10 -10 -------- Run | Yrd Mat Sub Total Allies . | . . . Largest Group . | . . . Highest-Rated Group . | . . . Highest-Rated Ally . | . . . Total Orders . | . . . Ally Attacks . | . . . Total Damage . | . . . Kills . | . . . Allies Corrupted . | . . . Allies Melted . | . . . Intel | -11 -10 -10 ------- Run | Yrd Mat Sub Active Infowar (turns) . | . . . Robot Analysis Total . | . . . Derelict Logs Recovered 1 | . . 1 Drone Launches . | . . . Drone Recoveries . | . . . Exploration | -11 -10 -10 ------------- Run | Yrd Mat Sub Turns Passed 2993 | 96 1160 1737 Spaces Moved 1338 | 54 501 783 Core 4 | 4 . . Treads 1334 | 50 501 783 Legs . | . . . Wheels . | . . . Hover . | . . . Flight . | . . . Fastest Speed 50 | 50 160 160 Average Speed 159 | 151 160 160 Slowest Speed 160 | 160 160 160 Overloaded Moves . | . . . Propulsion Burnouts . | . . . Robots Hopped . | . . . Potential Cave-ins . | . . . Cave-ins Triggered 1 | . . 1 Exploration Rate (%) 39 | 4 86 29 Regions Visited 2 Branch Regions 1 Pre-discovered Areas 1 | . . 1 Known Exits Taken . | . . . Unknown Exits Taken 2 | 1 1 . Scrap Searched 1 | . . 1 Spaces Dug 6 | . 3 3 Terrain Destroyed 6 | . 3 3 Melee 6 | . 3 3 Projectile . | . . . AOE . | . . . Terrain Rammed . | . . . Walls Destroyed . | . . . Machines Disabled . | . . . Actions | -11 -10 -10 --------- Run | Yrd Mat Sub Total 1994 | 65 756 1173 Wait 480 | 2 171 307 Move 1336 | 53 500 783 Hop . | . . . Pick Up 26 | 4 14 8 Fast Attach 10 | 6 2 2 Attach 5 | . 2 3 Detach . | . . . Swap 12 | . 6 6 Drop 14 | . 7 7 Fire 93 | . 47 46 Melee 18 | . 7 11 Ram . | . . . Kick . | . . . Crush . | . . . Escape Stasis . | . . . Rewire . | . . . Trap . | . . . Miscellaneous . | . . . Route ------- -11/Scrapyard -10/Materials (discovered 5 exits: [*Mat x2] / [*Min x2] / [*Sub]) -10/Subcaves History --------- Turn | Location | Event 7 | -11/Scrapyard | Discovered new exit (range 14) 97 | -11/Scrapyard | Entered Materials 313 | -10/Materials | Build established: Mutant 440 | -10/Materials | Discovered new exit (range 8) 632 | -10/Materials | Discovered new exit (range 10) 689 | -10/Materials | Discovered new exit (range 6) 832 | -10/Materials | Discovered new exit (range 13) 1253 | -10/Materials | Discovered new exit (range 4) 1257 | -10/Materials | Entered Subcaves 1270 | -10/Subcaves | Learned location of Zion (-6) 1270 | -10/Subcaves | Met a Zionite searching for "candidates" 1572 | -10/Subcaves | Learned Materials stockpile data 2995 | -10/Subcaves | Crushed by falling debris 2995 | -10/Subcaves | Smashed by cave-in Last Messages --------------- 02792_ Acquired 10 matter. 02812_ S-10 Pest destroyed. 02814_ Acquired 5 matter. 02816_ Acquired 3 matter. 02822_ Lgt. Ion Engine fries itself beyond repair. 02823_ Destroyed Flight Unit. 02831_ Destroyed Lgt. Ion Engine. 02831_ S-10 Pest system corrupted by crushing effect. 02833_ Destroyed Lgt. Assault Rifle. 02833_ S-10 Pest system corrupted by crushing effect. 02833_ S-10 Pest destroyed. 02844_ DR-IND(R) affixes Scrap Shield Fragment to Scrap Shield. 02868_ NWTZW/ 02995_ Crushed by falling debris. 02995_ Lgt. Treads destroyed. 02995_ System corrupted by crushing effect (+5). Map ----- +----------------------------------------------------+ | ???# ?????????????????????????????????????? | | ???? ?????????????????????????????????????? | | ????? ?????????????????????????????????????? | | ?????? ##????????????????????????????????????? | | ??????? ##???????????????????????????????????? | | ???????# ##??????????????????????????????????? | | ???????# #??????????????????????????????????? | | ???????# ##?????????????????????????????????? | | ???????# ###???????????????????????????????? | | ???????# #???????????????????????????????? | | ???????#^ ##??????????????????????????????## | | ##?????# #####??????????????????????????????? | | ""????## ##??????????????????????????????????? | | ?????## #??????????????????????????????????? | | ????## ##?????????????????????????????????? | | ????# ^ #?????????????????????????????????? # | | ##??## # ##?????????????????????????????????? # | | ##??## ##??????????????????????????????????? # | | ##??## #???????????????????????????????????? | | ##?## #???????????????????????????????????? | | ! ### #?????????????????????????????????###% | | ## #????????????????????? ######### # | | # ##???????????????????" & # | | ## #??????????????##??? &&!% #? | | ### #????????????## #???" &%&%#?? | | # ##### ##???????????##@#???????????#######[ #?? | | #?####??#####??#######????????????????# #?? | | ##????### #### ##?????????????????## #?? | | #???## #????????????????## ###?? | | #???# ###???????????????## #???? | | "" ##???# ##???##???????????## ###???? | | "#####????## ##?### #??????????#/# #????? | | ##?????????# ### #####??????##"##????? | | #####??????## ## ## ##??????## ##???? | | # ##?????## ## ###?###### #???? | | "#????## ### ### ###??? | | ##?### [ ### # #??? | | " ###[ ## ##??? | | " """ "[ # # ## #???? | | """""""""" ##########???? | | """ ### ### ###= #??????????? | | ###?### ##?## ###?# #??????????? | | ##?????#####???#####???# ## ######??????????? | | ###??????????????????????#########???????????????? | | ?????????????????????????????????????????????????? | | ?????????????????????????????????????????????????? | | ?????????????????????????????????????????????????? | | ?????????????????????????????????????????????????? | | ?????????????????????????????????????????????????? | | ?????????????????????????????????????????????????? | +----------------------------------------------------+ Best States ------------- Heat Dissipation 25 Energy Generation 15 Energy Capacity 250 Matter Stores 300 Matter Capacity 300 Sight Range 16 Terrain Scan Density 10 Armor Coverage 225 Resistance: KI 10 Evasion (%) 40 Recoil Reduction 2 Item Schematics ----------------- None Robot Schematics ------------------ None Fabricated ------------ Nothing Repaired ---------- Nothing Alien Tech Used ----------------- None Achievements -------------- None Challenges ------------ None Game ------ Seed TitaniumBladeHumpback Manual? 0 Play Time 00:18:29 Cumulative 476.1 hours Start 2025.05.12 @ 21:44:42 End 2025.05.12 @ 22:04:47 Sessions 1 Manual Loads 0 Difficulty Rogue Special Mode None Game No. 304 Rogue 301 Adventurer 3 Explorer 0 Win Type - Total 8 Types 7/0/1/0/0/0/0/0/0/0 Lore% 69 Gallery% 70 Achievement% 67 Wizard Run 0 Options --------- Layout 0 ASCII 0 Keyboard 0 Movement Numpad Keybinds 0 Fullscreen 1 Font 18/SmallcapsGlow Map View 76x50 Zoom Use 0% Tactical HUD 1 Map Filters NONE Filters NONE Steam 1 RUN: 699c1328-15a6-483e-8d9e-bc0b199dda02